 Dungeon Crawl Stone Soup version 0.26-a0-542-gbaa144ba5c (webtiles) character file.

Game seed: 11425310629441754403

5574 MrRokkomies the Nimble (level 10, -7/61 HPs)
             Began as a Tengu Venom Mage on Aug 18, 2020.
             Was a Priest of Sif Muna.
             Mangled by a wyvern (10 damage)
             ... on level 8 of the Dungeon.
             The game lasted 00:17:41 (10388 turns).

MrRokkomies the Nimble (Tengu Venom Mage)          Turns: 10388, Time: 00:17:42

Health: -7/61      AC:  6    Str:  9    XL:     10   Next: 72%
Magic:  10/17      EV: 21    Int: 19    God:    Sif Muna [***...]
Gold:   486        SH:  0    Dex: 14    Spells: 4/17 levels left

rFire    . . .     SeeInvis +   a - +5 quarterstaff (flame)
rCold    + . .     Faith    .   (shield currently unavailable)
rNeg     + . .     Spirit   .   G - +2 leather armour {rC+}
rPois    .         Reflect  .   (helmet restricted)
rElec    .         Harm     .   g - +0 cloak {MR+}
rCorr    .                      (no gloves)
MR       +....                  (boots unavailable)
Stlth    ++........             (no amulet)
HPRegen  0.20/turn              s - ring of see invisible
MPRegen  0.15/turn              i - ring of positive energy

@: lethally poisoned (-7 -> -8), flying quickly and evasively, very slightly
contaminated, quick
A: beak, talons 3, able to fly
a: Stop Flying, Channel Magic, Forget Spell, Renounce Religion


You were on level 8 of the Dungeon.
You worshipped Sif Muna.
Sif Muna was most pleased with you.
You visited 1 branch of the dungeon, and saw 9 of its levels.
You also visited: Sewer.

You collected 486 gold pieces.

Inventory:

Hand Weapons
 a - a +5 quarterstaff of flaming (weapon)
 d - a +1 dagger of flaming
Missiles
 f - a throwing net
 q - 5 silver javelins
 r - 6 boomerangs (quivered)
 B - 2 curare-tipped darts
Armour
 g - a +0 cloak of magic resistance (worn)
 G - a +2 leather armour of cold resistance (worn)
Jewellery
 i - a ring of positive energy (right hand)
 s - a ring of see invisible (left hand)
Wands
 h - a wand of polymorph (9)
 n - a wand of enslavement (6)
 o - a wand of iceblast (10)
 x - a wand of acid (6)
 C - a wand of digging (12)
 F - a wand of random effects (21)
Scrolls
 e - 4 scrolls of enchant weapon
 l - 4 scrolls of amnesia
 y - 2 scrolls of remove curse
 D - 2 scrolls of teleportation
Potions
 b - 4 potions of magic
 j - a potion of might
 k - a potion of resistance {unknown}
 m - a potion of degeneration {unknown}
 p - a potion of curing
 t - 2 potions of cancellation
 u - 3 potions of lignification
 v - a potion of heal wounds {unknown}
 w - a potion of ambrosia {unknown}
 z - 3 potions of mutation
 A - a potion of flight
 E - a potion of experience {unknown}
 H - a potion of invisibility {unknown}


   Skills:
 + Level 6.4 Fighting
 * Level 10.4 Dodging
 - Level 2.0 Stealth
 - Level 4.0 Spellcasting
 - Level 0.7 Transmutations
 + Level 9.5 Poison Magic
 * Level 3.8 Invocations


You had 4 spell levels left.
You knew the following spells:

 Your Spells              Type           Power        Failure   Level
a - Sting                 Tmut/Pois      ###.         2%          1
b - Poisonous Vapours     Pois/Air       ###...       4%          2
c - Mephitic Cloud        Conj/Pois/Air  ###.....     16%         3
d - Ignite Poison         Fire/Tmut/Pois ###.....     14%         3
e - Olgreb's Toxic Radia  Pois           #####...     3%          4

Your spell library contained the following spells:

 Spells                   Type           Power        Failure   Level


Dungeon Overview and Level Annotations

Branches:
Dungeon (9/15)             Temple (0/1) D:6            Lair (0/6) D:8
  Sewer (visited)
    Orc: D:9-12

Altars:
Dithmenos
Fedhas
Gozag
Hepliaklqana
Kikubaaqudgha
Okawaru
Sif Muna
Trog
Yredelemnul
The Shining One

Annotations:
D:8 3 runed translucent doors, Askman's ghost, novice TrMo


Innate Abilities, Weirdness & Mutations

You have a beak for a mouth.
You have claws for feet.
You can fly continuously.


Message History

The wyvern bites you! The yak gores you!
* * * LOW HITPOINT WARNING * * *
The yak completely misses you. The wyvern bites you!
* * * LOW HITPOINT WARNING * * *
Okay, then.
It was a potion of flight.
You feel more buoyant.
The wyvern looks even sicker.
The yak looks even sicker. x2
Your toxic aura wanes.
The yak misses you. The wyvern barely misses you. The yak misses you.
Casting: Olgreb's Toxic Radiance (dangerous; 3% risk of failure)
Confirm with . or Enter, or press ? or * to list all spells.
You miscast Ignite Poison.
You are very lightly contaminated with residual magic.
You feel incredibly sick.
You are poisoned.
* * * LOW HITPOINT WARNING * * *
You feel sick. The wyvern barely misses you. The yak closely misses you.
The yak completely misses you. The wyvern bites you!
You die...

#....# ###..8.8..#. ######
##..$!.##. #.......#.
##...W.##. #.....WW#.
###+++###. #.........
##########....####
##@Y........####
###############lY##########
..<.........(...##
#################


You could see 2 yaks and a wyvern (very poisoned).

Vanquished Creatures
  A two-headed ogre (D:8)
  A moth of wrath (D:6)
  Sigmund (D:5)
  A wyvern (D:7)
  4 yaks
  A water moccasin (D:6)
  4 porcupines
  A sky beast (D:7)
  A phantom (D:7)
  2 ice beasts
  4 centaurs
  2 ogres
  4 crocodiles
  A big kobold (Sewer)
  5 bullfrogs
  A wyvern zombie (D:6)
  2 scorpions (D:7)
  6 killer bees (D:8)
  3 wights
  A centaur zombie (D:8)
  Crazy Yiuf (D:2)
  2 jellies (D:8)
  3 orc priests
  6 hounds
  6 orc wizards
  Jessica (D:2)
  An iguana (D:6)
  4 worker ants
  4 hound zombies
  10 adders
  A howler monkey skeleton (D:8)
  A river rat (Sewer)
  2 shadow imps
  A white imp (D:5)
  An ufetubus (D:5)
  3 oozes
  2 adder skeletons
  4 worms
  4 dart slugs
  2 leopard geckos
  13 orcs
  A ball python (D:4)
  6 bats
  6 giant cockroaches
  9 goblins
  8 hobgoblins
  8 jackals
  8 kobolds
  2 quokkas
  5 frilled lizards
  A jackal skeleton (D:6)
  A leopard gecko skeleton (D:5)
  A quokka skeleton (D:4)
  15 rats
189 creatures vanquished.

Vanquished Creatures (collateral kills)
  A sky beast (D:7)
  A centaur (D:6)
  A worm (D:6)
3 creatures vanquished.

Vanquished Creatures (others)
  A white imp (D:6)
  32 fungi (D:8)
  13 plants (D:8)
46 creatures vanquished.

Grand Total: 238 creatures vanquished

Notes
Turn   | Place    | Note
-------+----------+-------------------------------------------
     0 | D:1      | MrRokkomies the Tengu Venom Mage began the quest for the
                  | Orb.
     0 | D:1      | Reached XP level 1. HP: 10/10 MP: 4/4
   341 | D:1      | Reached XP level 2. HP: 4/16 MP: 0/6
   847 | D:1      | Reached XP level 3. HP: 4/20 MP: 5/7
   851 | D:1      | Learned a level 2 spell: Poisonous Vapours
  1735 | D:2      | Reached skill level 1 in Fighting
  1735 | D:2      | Reached skill level 3 in Dodging
  2096 | D:2      | Found an iron altar of Okawaru.
  2114 | D:2      | Reached XP level 4. HP: 18/25 MP: 3/8
  2843 | D:2      | Found a runed translucent door.
  2844 | D:2      | Noticed Crazy Yiuf
  2854 | D:2      | Killed Crazy Yiuf
  2854 | D:2      | Gained mutation: You can fly continuously. [Tengu growth]
  2854 | D:2      | Reached XP level 5. HP: 23/29 MP: 0/9
  2926 | D:2      | Learned a level 3 spell: Mephitic Cloud
  2930 | D:2      | Learned a level 3 spell: Ignite Poison
  3031 | D:2      | Found an opulent altar of Gozag.
  3196 | D:2      | Noticed Jessica
  3201 | D:2      | Killed Jessica
  3543 | D:3      | Found a shimmering blue altar of Sif Muna.
  3546 | D:3      | Became a worshipper of Sif Muna the Loreminder
  3595 | D:3      | Reached skill level 4 in Dodging
  3793 | D:3      | Reached XP level 6. HP: 35/35 MP: 11/11
  4293 | D:4      | Found a glowing golden altar of the Shining One.
  4538 | D:4      | Found a blossoming altar of Fedhas.
  4539 | D:4      | Found an ancient bone altar of Kikubaaqudgha.
  4680 | D:5      | Entered Level 5 of the Dungeon
  4775 | D:5      | Reached * piety under Sif Muna
  4904 | D:5      | Reached skill level 5 in Poison Magic
  4939 | D:5      | Reached skill level 5 in Dodging
  4939 | D:5      | Reached XP level 7. HP: 40/40 MP: 1/12
  5354 | D:5      | Found a hazy altar of Hepliaklqana.
  5384 | D:5      | Found a glowing drain.
  5409 | Sewer    | Entered a sewer
  5618 | Sewer    | Found a white marble altar of Elyvilon.
  5731 | D:5      | Noticed Sigmund
  5742 | D:5      | Killed Sigmund
  6069 | D:5      | Found a shadowy altar of Dithmenos.
  6106 | D:6      | Reached XP level 8. HP: 34/46 MP: 14/14
  6108 | D:6      | Reached skill level 6 in Dodging
  6378 | D:6      | Reached ** piety under Sif Muna
  6600 | D:5      | Learned a level 4 spell: Olgreb's Toxic Radiance
  7290 | D:6      | Reached skill level 7 in Dodging
  7381 | D:6      | Found a staircase to the Ecumenical Temple.
  7404 | D:6      | Noticed a moth of wrath
  7407 | D:6      | Found a bloodstained altar of Trog.
  7461 | D:6      | Killed a moth of wrath
  7461 | D:6      | Reached XP level 9. HP: 30/52 MP: 0/16
  7924 | D:7      | Reached skill level 8 in Dodging
  8823 | D:8      | Found a basalt altar of Yredelemnul.
  8918 | D:8      | Reached skill level 5 in Fighting
  9063 | D:8      | Reached skill level 9 in Dodging
  9068 | D:8      | Reached *** piety under Sif Muna
  9126 | D:8      | Found a staircase to the Lair.
  9318 | D:8      | Reached XP level 10. HP: 60/60 MP: 17/17
  9355 | D:7      | Reached skill level 1 in Invocations
  9806 | D:8      | Noticed a two-headed ogre
  9812 | D:8      | Killed a two-headed ogre
  9812 | D:8      | Reached skill level 10 in Dodging
  9994 | D:8      | Found a runed translucent gate.
  9994 | D:8      | Found a runed translucent gate.
  9995 | D:8      | Found a runed translucent gate.
  9996 | D:8      | Noticed Askman's ghost (novice TrMo)
 10388 | D:8      | HP: 3/61 [something (5)]
 10388 | D:8      | Mangled by a wyvern

Illustrated notes

Levels and vault maps discovered:
D:1:      nzn_arrival_crosshair, layout_basic, st_stairs_9
D:2:      layout_basic, nicolae_gozag_seed_capital,
          nicolae_overflow_crystal_walls, uniq_jessica, uniq_crazy_yiuf_cottage
D:3:      layout_basic, lemuel_blue_sif_altar, kennysheep_generic_room_16
D:4:      layout_basic, grunt_temple_overflow_growth_and_decay,
          lemuel_doored_altar
D:5:      layout_basic, lemuel_coloured_pillars_altar, kennysheep_mini,
          cheibrodos_sewer_entry_bend, uniq_sigmund
D:6:      layout_cave_pools, tgw_trog, minmay_temple_entry_purple_smoke
D:7:      layout_basic
D:8:      layout_rooms, lemuel_crystal_altar, due_lair_maze_entry_diamond,
          gammafunk_ghost_spectres
D:9:      layout_cave_pools, lemuel_tele_altar

Skill      XL: |  1  2  3  4  5  6  7  8  9 10 |
---------------+-------------------------------+-----
Fighting       | 1 2 3 4 5 6 |  6.4
Dodging        | 3 4 5 7 9 10 | 10.4
Poison Magic   | 4 5 7 9 |  9.5
Spellcasting   | 3 4 |  4.0
Invocations    | 3 |  3.8
Stealth        | |  2.0
Transmutations | |  0.7

Action                   |  1- 3 |  4- 6 |  7- 9 | 10-12 || total
-------------------------+-------+-------+-------+-------++-------
Melee: Unarmed           |     7 |       |       |       ||     7
       Peck              |     4 |    13 |    25 |     8 ||    50
       Dagger            |    44 |    30 |       |       ||    74
       Kick              |     9 |    19 |    41 |    16 ||    85
       Quarterstaff      |       |   102 |   183 |    50 ||   335
 Cast: Sting             |    22 |     9 |     9 |     5 ||    45
       Poisonous Vapours |       |     9 |    10 |       ||    19
       Ignite Poison     |       |     1 |     3 |     5 ||     9
       Mephitic Cloud    |       |     1 |       |     3 ||     4
       Olgreb's Toxic Ra |       |       |     8 |     5 ||    13
 Abil: Fly               |       |     1 |       |       ||     1
  Use: Scroll            |     5 |     4 |     6 |     1 ||    16
       Potion            |       |     1 |     4 |     1 ||     6
 Stab: Sleeping          |     1 |     9 |     3 |       ||    13
       Confused          |       |     1 |       |       ||     1
       Petrified         |       |       |     2 |       ||     2
       Distracted        |       |       |     1 |       ||     1
Armor: Robe              |    11 |    35 |    20 |       ||    66
       Leather armour    |       |       |    11 |     9 ||    20
Dodge: Dodged            |    46 |   113 |   211 |    87 ||   457

Table legend: (Time is in decaauts)
 A = Elapsed time spent in this place.
 B = Non-inter-level travel time spent in this place.
 C = Inter-level travel time spent in this place.
 D = Time resting spent in this place.
 E = Time spent auto-exploring this place.
 F = Levels seen in this place.
 G = Mean time per level.
                   A        B        C        D        E       F      G
               +--------+--------+--------+--------+--------+-----+--------+
         Total |  10285 |  10140 |    145 |   2279 |   6386 |  10 | 1028.5 |
       Dungeon |  10045 |   9900 |    145 |   2279 |   6208 |   9 | 1116.1 |
         Sewer |    239 |    239 |      0 |      0 |    178 |   1 |  239.0 |
               +--------+--------+--------+--------+--------+-----+--------+

Top non-repeatable levels by time:
     D:1: 1914 daAuts
     D:2: 1595 daAuts
     D:5: 1567 daAuts
     D:8: 1296 daAuts
     D:7: 1240 daAuts
     D:6: 1229 daAuts
     D:3: 714 daAuts
     D:4: 477 daAuts
   Sewer: 239 daAuts
     D:9: 10 daAuts
